[Event "Team 45 45 League T67"]
[Site "Internet Chess Club"]
[Date "2015.12.11"]
[Round "2"]
[White "jonesey"]
[Black "fishhead"]
[Result "1-0"]
[WhiteElo "1988"]
[BlackElo "1820"]
[Opening "Sicilian defense"]
[ECO "B20"]
[Time "18:02:08"]
[TimeControl "2700+45"]

1. e4 c5 2. c4 Nc6 3. Nc3 Nf6 4. g3 g6 5. Bg2 Bg7 6. Nge2 O-O 7. O-O d6 8. d3 a6
9. a3 Rb8 10. Rb1 Bg4 11. h3 Bd7 12. Be3 e5 13. Qd2 Qc8 14. Kh2 Nd4 15. f4 b5
16. cxb5 axb5 17. b4 Ra8 18. fxe5 dxe5 19. Bg5 Ra6 20. Rf2 Re8 21. Rbf1 Ree6 22.
Nxd4 cxd4 23. Nd5 Nxd5 24. exd5 Reb6 25. Rxf7 Bf5 26. Rc1 Qe8 27. Re7 Qf8 28.
Rcc7 Bf6 29. Rxh7 Rxa3 30. g4 Rxd3 31. Qa2 Rc3 32. d6+ Rc4 33. Bd5+ {Black
resigns} 1-0

[Event "Team 45 45 League T67"]
[Site "Internet Chess Club"]
[Date "2015.12.13"]
[Round "2"]
[White "room-matt"]
[Black "fledermaus"]
[Result "1/2-1/2"]
[WhiteElo "1858"]
[BlackElo "1889"]
[Opening "Sicilian: closed"]
[ECO "B23"]
[Time "11:02:22"]
[TimeControl "2700+45"]

1. e4 c5 2. Nc3 e6 3. f4 d5 4. d3 dxe4 5. Nxe4 Nf6 6. Nf3 Nc6 7. Be2 Be7 8. O-O
O-O 9. c3 b6 10. Qe1 Qc7 11. Qg3 Ba6 12. f5 Qxg3 13. Nxg3 Rad8 14. fxe6 fxe6 15.
Ng5 Rd6 16. N5e4 Nxe4 17. Nxe4 Rxf1+ 18. Bxf1 Rd5 19. c4 Rd8 20. Bg5 Bxg5 21.
Nxg5 Nd4 22. Re1 Bc8 23. Re5 h6 24. Nf3 Nxf3+ {Game drawn by mutual agreement}
1/2-1/2

[Event "Team 45 45 League T67"]
[Site "Internet Chess Club"]
[Date "2015.12.10"]
[Round "2"]
[White "zap2"]
[Black "parrot9"]
[Result "1-0"]
[WhiteElo "1810"]
[BlackElo "1646"]
[Opening "Benko's opening"]
[ECO "A00"]
[Time "15:16:12"]
[TimeControl "2700+45"]

1. g3 e5 2. Bg2 d5 3. d3 Nf6 4. Nf3 Nc6 5. O-O Be7 6. Nbd2 h6 7. e4 Be6 8. Re1
Bd6 9. exd5 Nxd5 10. Nc4 f6 11. Nh4 Be7 12. Ng6 Rg8 13. Nxe7 Qxe7 14. Ne3 O-O-O
15. c3 Qd7 16. Qa4 Nb6 17. Qb5 Qxd3 18. Bxc6 bxc6 19. Qxc6 Bh3 20. a4 Rd6 21.
Qf3 Rgd8 22. a5 e4 23. Qh5 {Black resigns} 1-0

[Event "Team 45 45 League T67"]
[Site "Internet Chess Club"]
[Date "2015.12.14"]
[Round "2"]
[White "roji"]
[Black "jerryicc"]
[Result "0-1"]
[WhiteElo "1825"]
[BlackElo "2070"]
[Opening "Grünfeld: exchange variation"]
[ECO "D85"]
[Time "21:08:32"]
[TimeControl "2700+45"]

1. d4 Nf6 2. c4 g6 3. Nc3 d5 4. cxd5 Nxd5 5. e4 Nxc3 6. bxc3 Bg7 7. Be3 c5 8.
Nf3 Nc6 9. Bb5 cxd4 10. Bxc6+ bxc6 11. Bxd4 O-O 12. Bxg7 Kxg7 13. Qd4+ f6 14.
Qc4 Qb6 15. Nd4 c5 16. Nb3 Be6 17. Qa4 Rfb8 18. c4 Qc7 19. Nd2 Qd6 20. Rd1 Qd3
21. f3 Rb2 22. Qa5 Qe3+ 23. Kf1 Bxc4+ 24. Nxc4 Qf2# {White checkmated} 0-1

[Event "Team 45 45 League T67"]
[Site "Internet Chess Club"]
[Date "2015.12.13"]
[Round "2"]
[White "SAC2001"]
[Black "NAS"]
[Result "1-0"]
[WhiteElo "1882"]
[BlackElo "1710"]
[Opening "Sicilian: Najdorf, Byrne (English) attack"]
[ECO "B90"]
[Time "11:37:12"]
[TimeControl "2700+45"]

1. e4 c5 2. Nf3 d6 3. d4 cxd4 4. Nxd4 Nf6 5. Nc3 a6 6. Be3 e5 7. Nb3 Be6 8. f3
Nbd7 9. Qd2 b5 10. O-O-O b4 11. Nd5 a5 12. Kb1 Bxd5 13. exd5 Be7 14. g4 O-O 15.
g5 Nh5 16. Bb5 Nb6 17. h4 Qc7 18. Qf2 Nc4 19. Bc1 Rab8 20. Bxc4 Qxc4 21. Nxa5
Qa6 22. Nc6 Rb7 23. Qf1 Qa4 24. Qc4 Ra8 25. Rhg1 g6 26. Rd3 Bf8 27. Bd2 Nf4 28.
Bxf4 exf4 29. Re1 Bg7 30. Re4 Rb5 31. Rxf4 Rc5 32. Qb3 Qxb3 33. Rxb3 Kf8 34.
Rfxb4 Re8 35. c4 {Black resigns} 1-0

[Event "Team 45 45 League T67"]
[Site "Internet Chess Club"]
[Date "2015.12.12"]
[Round "2"]
[White "AH2012"]
[Black "drbishop"]
[Result "0-1"]
[WhiteElo "1772"]
[BlackElo "1785"]
[Opening "French: Tarrasch, open, 4.ed ed"]
[ECO "C08"]
[Time "13:23:48"]
[TimeControl "2700+45"]

1. e4 e6 2. d4 d5 3. Nd2 c5 4. exd5 exd5 5. Ngf3 Nf6 6. Bb5+ Nc6 7. O-O Be7 8.
Ne5 Qc7 9. c3 O-O 10. Nxc6 bxc6 11. Bd3 cxd4 12. cxd4 Bd6 13. Nf3 Bg4 14. h3 Bh5
15. Bg5 Ne4 16. Re1 Nxg5 17. g4 Nxh3+ 18. Kg2 Nf4+ 19. Kg1 Bxg4 20. Be2 Nxe2+
21. Qxe2 Rfe8 22. Qxe8+ Rxe8 23. Rxe8+ Bf8 24. Ne5 Be6 25. Rc1 Bd7 26. Nxd7 Qxd7
27. Rce1 Qg4+ 28. Kf1 g6 29. Ra8 Kg7 30. Ree8 Bd6 31. Rg8+ Kf6 32. Rxa7 Qd1+ 33.
Kg2 Qxd4 34. Rf8 Qxa7 {White resigns} 0-1

[Event "Team 45 45 League T67"]
[Site "Internet Chess Club"]
[Date "2015.12.12"]
[Round "2"]
[White "anishio"]
[Black "QuieroAprender"]
[Result "1/2-1/2"]
[WhiteElo "1800"]
[BlackElo "1643"]
[Opening "Ruy Lopez: Classical defense deferred"]
[ECO "C70"]
[Time "20:30:52"]
[TimeControl "2700+45"]

1. e4 e5 2. Nf3 Nc6 3. Bb5 a6 4. Ba4 Bc5 5. O-O b5 6. Bb3 Nf6 7. d3 h6 8. Qe2
Bb7 9. c3 d6 10. Be3 Bb6 11. Bxb6 cxb6 12. Nbd2 O-O 13. Rfe1 Qc7 14. Nf1 Na5 15.
Bc2 Rac8 16. Rac1 d5 17. Ng3 Rfe8 18. Nf5 dxe4 19. dxe4 Rcd8 20. Nd2 Nc4 21.
Nxc4 Qxc4 22. Qxc4 bxc4 23. f3 b5 24. Rcd1 h5 25. Kf2 g6 26. Nd6 Re7 27. Nxb7
Rxd1 28. Rxd1 Rxb7 29. Rd6 Rd7 30. Rxd7 Nxd7 31. b4 f6 32. Ke3 Kf7 33. g3 g5 34.
f4 g4 35. Bd1 Kg6 36. a4 Nb6 37. axb5 axb5 38. fxe5 fxe5 39. Kd2 Kg5 40. Bc2 h4
41. Ke3 Nd7 42. Kf2 Nf6 43. Kg2 Nh7 44. Kf2 Kh5 45. Bd1 Ng5 46. Ke3 hxg3 47.
hxg3 Ne6 48. Be2 Kg5 49. Bf1 Nf8 50. Be2 Nd7 51. Bd1 Nb6 52. Bc2 Nd7 53. Bd1 Nf6
54. Be2 Nh5 55. Kf2 Nf6 56. Ke3 Ne8 57. Bd1 Nd6 58. Be2 Kh5 59. Bd1 {Game drawn
by mutual agreement} 1/2-1/2

[Event "Team 45 45 League T67"]
[Site "Internet Chess Club"]
[Date "2015.12.12"]
[Round "2"]
[White "jjmolina"]
[Black "MikeTtheGuru"]
[Result "1/2-1/2"]
[WhiteElo "1801"]
[BlackElo "2053"]
[Opening "Caro-Kann: exchange variation"]
[ECO "B13"]
[Time "12:21:59"]
[TimeControl "2700+45"]

1. e4 c6 2. d4 d5 3. exd5 cxd5 4. Bd3 Nc6 5. c3 g6 6. Nf3 Nh6 7. O-O Bf5 8. Be2
Bg7 9. Bf4 O-O 10. h3 f6 11. Nbd2 e5 12. Be3 Be6 13. dxe5 fxe5 14. Nb3 b6 15.
Bb5 Ne7 16. Nxe5 Qc7 17. Nf3 Nhf5 18. Bd4 Nxd4 19. Nbxd4 Bc8 20. Re1 Qd6 21. Qe2
Nf5 22. Nxf5 Bxf5 23. Qe7 Qxe7 24. Rxe7 Bf6 25. Re3 a6 26. Bc6 Rad8 27. Rae1 Be4
28. Ba4 b5 29. Bb3 Kg7 30. Bd1 Bxf3 31. Bxf3 d4 32. cxd4 Bxd4 33. Re7+ Rf7 {Game
drawn by mutual agreement} 1/2-1/2

[Event "Team 45 45 League T67"]
[Site "Internet Chess Club"]
[Date "2015.12.12"]
[Round "2"]
[White "Yedixon"]
[Black "elmaestro"]
[Result "1-0"]
[WhiteElo "1658"]
[BlackElo "1745"]
[Opening "Bird's opening"]
[ECO "A02"]
[Time "23:22:52"]
[TimeControl "2700+45"]

1. f4 f5 2. e4 fxe4 3. d3 Nf6 4. g4 d5 5. g5 Bg4 6. Be2 Bxe2 7. Nxe2 exd3 8.
Qxd3 Ne4 9. Nbc3 Nxc3 10. Nxc3 e6 11. Qb5+ Nc6 12. Bd2 Rb8 13. O-O-O a6 14. Qe2
Qd6 15. Rhe1 Nd4 16. Qf2 Qb6 17. Be3 c5 18. Bxd4 cxd4 19. Nxd5 Qc6 20. Rxe6+
Qxe6 21. Nc7+ Kf7 22. Nxe6 Kxe6 23. Qxd4 Kf7 24. Qd7+ Be7 25. Qf5+ Kg8 26. Qe6+
Kf8 27. Rd7 Re8 28. Rxb7 g6 29. Rxe7 Rxe7 30. Qf6+ {Black resigns} 1-0

[Event "Team 45 45 League T67"]
[Site "Internet Chess Club"]
[Date "2015.12.14"]
[Round "2"]
[White "pishd"]
[Black "Schachteufel"]
[Result "1-0"]
[WhiteElo "1834"]
[BlackElo "1666"]
[Opening "King's Indian: East Indian defense"]
[ECO "A48"]
[Time "05:13:54"]
[TimeControl "2700+45"]

1. d4 Nf6 2. Nf3 g6 3. e3 Bg7 4. Be2 O-O 5. O-O d6 6. c4 Nbd7 7. Nc3 e5 8. dxe5
Nxe5 9. Nxe5 dxe5 10. Qc2 c6 11. b4 Qe7 12. a4 Rd8 13. Ba3 e4 14. Rad1 Bf5 15.
h3 h5 16. Nb1 Nd7 17. Rd2 Ne5 18. Qc1 Nd3 19. Bxd3 exd3 20. c5 Rd7 21. Bb2 Qg5
22. Kh2 Rad8 23. Bxg7 Kxg7 24. Nc3 Qf6 25. Nd1 Qe5+ 26. Kh1 Qe4 27. Qc3+ Kh7 28.
f3 Qe7 29. e4 Be6 30. Nf2 Qh4 31. Rfd1 g5 32. Kg1 Qg3 33. Rxd3 g4 34. fxg4 Rxd3
35. Rxd3 Rxd3 36. Qxd3 Qxd3 37. Nxd3 hxg4 38. hxg4 Bxg4 39. Kf2 Kg6 40. Ne5+ Kg5
41. Nxg4 Kxg4 42. Ke3 Kg3 43. e5 Kxg2 44. Ke4 Kg3 45. b5 Kg4 46. bxc6 bxc6 47.
e6 fxe6 48. Ke5 Kf3 49. Kxe6 Ke4 50. Kd6 Kd4 51. Kxc6 Kc4 52. Kd6 {Black
resigns} 1-0

[Event "Team 45 45 League T67"]
[Site "Internet Chess Club"]
[Date "2015.12.12"]
[Round "2"]
[White "GreyWarden"]
[Black "chess09"]
[Result "1-0"]
[WhiteElo "1940"]
[BlackElo "1848"]
[Opening "Sicilian: Richter-Rauzer, Rauzer attack, 7...a6 defense, 8...Bd7"]
[ECO "B67"]
[Time "17:00:20"]
[TimeControl "2700+45"]

1. e4 c5 2. Nf3 d6 3. d4 cxd4 4. Nxd4 Nf6 5. Nc3 Nc6 6. Bg5 e6 7. Qd2 a6 8.
O-O-O Bd7 9. f3 b5 10. g4 h6 11. Be3 Rb8 12. Nce2 Qc7 13. Nxc6 Bxc6 14. Nd4 Bb7
15. h4 Be7 16. Bh3 Nd7 17. g5 hxg5 18. hxg5 Nf8 19. g6 fxg6 20. Nxe6 Nxe6 21.
Bxe6 Rxh1 22. Rxh1 Bf6 23. Qg2 Ke7 24. Bb3 Rf8 25. Qxg6 d5 26. exd5 Qd6 27. Qe4+
Kd8 28. Re1 a5 29. a4 bxa4 30. Qxa4 Qb4 31. Qxb4 axb4 32. Bc5 Bg5+ 33. Kb1 Rxf3
34. Bxb4 Rf5 35. c4 Rf2 36. Ba5+ Kd7 37. Ba4+ Kd6 38. Re6+ Kc5 39. Bb6+ {Black
resigns} 1-0

[Event "Team 45 45 League T67"]
[Site "Internet Chess Club"]
[Date "2015.12.09"]
[Round "2"]
[White "Schachteufel"]
[Black "EndgamesMaster"]
[Result "0-1"]
[WhiteElo "1656"]
[BlackElo "2248"]
[Opening "Petrov: Nimzovich attack"]
[ECO "C42"]
[Time "17:58:54"]
[TimeControl "2700+45"]

1. e4 e5 2. Nf3 Nf6 3. Nxe5 d6 4. Nf3 Nxe4 5. Nc3 Nxc3 6. dxc3 Be7 7. Be3 Nc6 8.
Qd2 Be6 9. O-O-O Qd7 10. h4 O-O-O 11. Ng5 Kb8 12. Nxe6 Qxe6 13. Kb1 Ne5 14. Qd4
c5 15. Qa4 Qg4 16. Qxg4 Nxg4 17. Re1 Bf6 18. f3 Nxe3 19. Rxe3 d5 20. g4 h6 21.
Bg2 d4 22. cxd4 Rxd4 23. h5 Rhd8 24. a3 Rd1+ 25. Rxd1 Rxd1+ 26. Ka2 Rd2 27. Bf1
Rxc2 28. Rb3 c4 29. Rb4 a5 30. Rb5 c3 31. Kb1 Rf2 32. Bc4 c2+ {White resigns}
0-1

[Event "Team 45 45 League T67"]
[Site "Internet Chess Club"]
[Date "2015.12.10"]
[Round "2"]
[White "kidcobra"]
[Black "Berke"]
[Result "1/2-1/2"]
[WhiteElo "1868"]
[BlackElo "1529"]
[Opening "French: Tarrasch, closed variation"]
[ECO "C05"]
[Time "16:05:12"]
[TimeControl "2700+45"]

1. e4 e6 2. d4 d5 3. Nd2 Nf6 4. e5 Nfd7 5. Ngf3 c5 6. c3 Nc6 7. Bd3 cxd4 8. cxd4
Nb4 9. Bb1 Be7 10. Nb3 Nb6 11. a3 Nc6 12. O-O h6 13. Bd3 Bd7 14. Ne1 Nc4 15. Qg4
Bf8 16. Bc2 Qb6 17. Nd3 a5 18. Nbc5 Qc7 19. Nxd7 Qxd7 20. b3 Nb6 21. Be3 O-O-O
22. Bd1 Kb8 23. Qe2 f5 24. f4 Be7 25. Qd2 g5 26. g3 gxf4 27. Nxf4 Rdg8 28. Bh5
Bg5 29. Ng6 Bxe3+ 30. Qxe3 Rh7 31. g4 fxg4 32. Rf8+ Rxf8 33. Nxf8 Qg7 34. Nxh7
Qxh7 35. Rf1 a4 36. bxa4 Nc4 37. Qf4 Qd3 38. Bxg4 Nxd4 39. Rd1 Ne2+ 40. Bxe2
Qxe2 41. Qf8+ Ka7 42. Qf2+ Qxf2+ 43. Kxf2 Nxe5 44. Ke3 Kb6 45. Rb1+ Kc6 46. h3
Nc4+ 47. Kf4 e5+ 48. Kf5 d4 49. h4 d3 50. h5 Kd5 51. Kg6 b6 52. Kxh6 d2 53. Kg5
e4 54. h6 e3 55. h7 e2 56. h8=Q e1=Q 57. Qa8+ Kd4 58. Qd8+ Kc3 {Game drawn by
mutual agreement} 1/2-1/2

[Event "Team 45 45 League T67"]
[Site "Internet Chess Club"]
[Date "2015.12.13"]
[Round "2"]
[White "frontier"]
[Black "SlimeDog2"]
[Result "0-1"]
[WhiteElo "2016"]
[BlackElo "2034"]
[Opening "English: symmetrical variation"]
[ECO "A34"]
[Time "19:01:35"]
[TimeControl "2700+45"]

1. c4 c5 2. Nc3 g6 3. g3 Bg7 4. Bg2 Nf6 5. d3 Nc6 6. e4 O-O 7. Nge2 Ne8 8. O-O
Nc7 9. Be3 Ne6 10. f4 Ned4 11. Qd2 d6 12. Rab1 Bd7 13. h3 Rb8 14. g4 f5 15. gxf5
gxf5 16. Ng3 e6 17. exf5 Nxf5 18. Nxf5 Rxf5 19. Ne4 Qe7 20. Ng3 Rf7 21. Rbe1 Nd4
22. Kh2 Qh4 23. Ne4 Nf5 24. Bf2 Qh6 25. Ng5 Re7 26. Be4 Rf8 27. Rg1 Kh8 28. b4
b6 29. bxc5 bxc5 30. Qa5 Qf6 31. Nf3 d5 32. cxd5 exd5 33. Bxd5 Rxe1 34. Rxe1 Qd6
35. Qxc5 Qxf4+ 36. Kg2 Qh6 37. Re4 Nd6 38. Rh4 Qg6+ 39. Kh2 Qxd3 40. Qxd6 Rxf3
41. Qb8+ Rf8 42. Bc5 Rxb8 {White resigns} 0-1

[Event "Team 45 45 League T67"]
[Site "Internet Chess Club"]
[Date "2015.12.13"]
[Round "2"]
[White "ArturitoGalacti"]
[Black "HumanTornado"]
[Result "1/2-1/2"]
[WhiteElo "1929"]
[BlackElo "1920"]
[Opening "English, 1...Nf6 (Anglo-Indian defense)"]
[ECO "A15"]
[Time "20:00:50"]
[TimeControl "2700+45"]

1. c4 Nf6 2. g3 c5 3. Bg2 Nc6 4. Nc3 e6 5. Nf3 Qc7 6. e4 a6 7. O-O Be7 8. d4
cxd4 9. Nxd4 O-O 10. Be3 d6 11. b3 Bd7 12. Rc1 Qb8 13. Qe2 Nxd4 14. Bxd4 Bc6 15.
e5 dxe5 16. Bxe5 Qe8 17. Bxf6 Bxg2 18. Kxg2 Bxf6 19. Ne4 Be7 20. Rfd1 Qc6 21.
Qf3 Rad8 22. Nc3 Qc7 23. Rxd8 Rxd8 24. Rd1 Rxd1 25. Nxd1 g6 26. Nc3 h5 27. Qe4
{Game drawn by mutual agreement} 1/2-1/2

[Event "Team 45 45 League T67"]
[Site "Internet Chess Club"]
[Date "2015.12.13"]
[Round "2"]
[White "LittleButton"]
[Black "cysk"]
[Result "1-0"]
[WhiteElo "1873"]
[BlackElo "1821"]
[Opening "Dutch"]
[ECO "A80"]
[Time "15:00:36"]
[TimeControl "2700+45"]

1. d4 f5 2. Nc3 Nf6 3. Bg5 e6 4. Bxf6 Qxf6 5. e3 d5 6. Bd3 Bd7 7. Nge2 Bd6 8.
Nb5 Bxb5 9. Bxb5+ c6 10. Bd3 O-O 11. O-O Nd7 12. c4 Qh6 13. f4 Nf6 14. h3 Ne4
15. Bxe4 fxe4 16. Nc3 Qg6 17. c5 Bc7 18. b4 b5 19. a4 a5 20. axb5 axb4 21. b6
Bxb6 22. cxb6 bxc3 23. Qc2 Rab8 24. Rfb1 Qg3 25. Qxc3 Rxf4 26. Ra2 Rf3 27. Qxc6
Rf6 28. b7 Qxe3+ 29. Kh1 Qf4 30. Ra8 h6 31. Rxb8+ Qxb8 32. Qc8+ Rf8 33. Qxe6+
Kh7 34. Qxd5 Qf4 35. Qe5 Qxe5 36. dxe5 Rb8 37. Kg1 Kg6 38. Kf2 Kf5 39. Rb5 h5
40. Ke3 h4 41. Kd4 {Black resigns} 1-0

[Event "Team 45 45 League T67"]
[Site "Internet Chess Club"]
[Date "2015.12.11"]
[Round "2"]
[White "sockbuf"]
[Black "diegoami"]
[Result "1-0"]
[WhiteElo "1805"]
[BlackElo "1723"]
[Opening "Dutch defense"]
[ECO "A40"]
[Time "15:00:43"]
[TimeControl "2700+45"]

1. d4 e6 2. c4 f5 3. Nf3 Nf6 4. g3 d5 5. Bg2 c6 6. O-O Bd6 7. Nc3 O-O 8. c5 Bc7
9. b4 Ne4 10. Qc2 Nd7 11. Bf4 Bxf4 12. gxf4 Ndf6 13. Ne5 Qe8 14. a4 Qh5 15. Nxe4
fxe4 16. Ra3 Qh6 17. b5 Bd7 18. Bh3 Rae8 19. Qd2 cxb5 20. Nxd7 Nxd7 21. axb5
Rxf4 22. Kh1 Ref8 23. Rg1 Kh8 24. Rag3 Rh4 25. Qxh6 Rxh6 26. Rxg7 Rd8 27. c6
bxc6 28. bxc6 Nb6 29. c7 Rc8 30. R7g3 Rf6 31. Rg7 Rh6 32. R7g3 Rf6 33. Rc3 Nc4
34. Rb3 Nb6 35. Rc3 Nc4 36. Rb3 Nb6 37. Rc1 Kg7 38. Rc6 Kf7 39. Ra3 Ke7 40. Rxa7
Nc4 41. Raa6 Rxf2 42. Rxe6+ Kf8 43. Rf6+ Rxf6 44. Rxf6+ Ke7 {Black resigns} 1-0

[Event "Team 45 45 League T67"]
[Site "Internet Chess Club"]
[Date "2015.12.12"]
[Round "2"]
[White "ChessRooklift"]
[Black "Ptzz"]
[Result "1/2-1/2"]
[WhiteElo "1879"]
[BlackElo "2001"]
[Opening "Nimzovich-Larsen attack: classical variation"]
[ECO "A01"]
[Time "12:03:01"]
[TimeControl "2700+45"]

1. b3 d5 2. Bb2 Bg4 3. Nf3 Bxf3 4. exf3 e6 5. d4 Nf6 6. Bd3 Bd6 7. Nd2 Nbd7 8.
O-O Nf8 9. Re1 Ng6 10. Nf1 Nf4 11. Rc1 O-O 12. c3 Nxd3 13. Qxd3 c6 14. Ng3 a5
15. Rc2 a4 16. b4 Qc7 17. a3 b6 18. c4 Qd7 19. c5 Bxg3 20. hxg3 b5 21. Rce2 Qc7
22. Bc1 Nh5 23. Re5 g6 24. Rxh5 gxh5 25. Bh6 Rfe8 26. Re5 f5 27. Qe3 Qf7 28. Qf4
Qg6 29. Bg5 h6 30. Bh4 Kh7 31. Kf1 Ra7 32. Ke2 Rg7 33. Kf1 Qf7 34. Ke2 Rg6 35.
Kf1 Reg8 36. Ke2 {Game drawn by mutual agreement} 1/2-1/2

[Event "Team 45 45 League T67"]
[Site "Internet Chess Club"]
[Date "2015.12.12"]
[Round "2"]
[White "Holgate"]
[Black "laurenpar"]
[Result "1/2-1/2"]
[WhiteElo "2022"]
[BlackElo "1942"]
[Opening "French: Tarrasch"]
[ECO "C03"]
[Time "06:30:24"]
[TimeControl "2700+45"]

1. e4 e6 2. d4 d5 3. Nd2 a6 4. Ngf3 c5 5. dxc5 Bxc5 6. Nb3 Bb6 7. exd5 exd5 8.
Bd3 Nc6 9. O-O Nf6 10. Re1+ Be6 11. c3 O-O 12. h3 h6 13. Be3 Bc7 14. Nbd4 Qd6
15. Qa4 Ne5 16. Nxe5 Qxe5 17. Nf3 Qd6 18. Rad1 Bd7 19. Qd4 b6 20. a3 Rfe8 21. c4
g5 22. cxd5 g4 23. hxg4 Bxg4 24. Qb4 Qxb4 25. axb4 Nxd5 26. Bxh6 Nxb4 27. Be4
{Game drawn by mutual agreement} 1/2-1/2

[Event "Team 45 45 League T67"]
[Site "Internet Chess Club"]
[Date "2015.12.13"]
[Round "2"]
[White "CaptK"]
[Black "Tobiasdelmonte"]
[Result "0-1"]
[WhiteElo "1872"]
[BlackElo "1846"]
[Opening "Queen's pawn game, Krause variation"]
[ECO "D02"]
[Time "07:16:17"]
[TimeControl "2700+45"]

1. d4 d5 2. Nf3 c5 3. e3 e6 4. c4 Nc6 5. Nc3 Nf6 6. a3 cxd4 7. exd4 Be7 8. cxd5
exd5 9. Bd3 Bg4 10. Bc2 O-O 11. O-O Bxf3 12. gxf3 Qd7 13. Bf4 Rac8 14. Kh1 Qh3
15. Qd3 g6 16. Rg1 a6 17. Rae1 Rfe8 18. Rg3 Qd7 19. Na4 Nh5 20. Rg4 Nxd4 21. Nb6
Nxf4 22. Rxf4 Qd6 23. Nxc8 Qxf4 24. Nxe7+ Kf8 25. Nxg6+ hxg6 26. Rxe8+ Kxe8 27.
Bd1 Kd8 28. Qe3 Qh4 29. Kg1 Kd7 30. Qe4 {White resigns} 0-1

[Event "Team 45 45 League T67"]
[Site "Internet Chess Club"]
[Date "2015.12.13"]
[Round "2"]
[White "gump12345"]
[Black "SlowFox"]
[Result "1/2-1/2"]
[WhiteElo "1965"]
[BlackElo "2083"]
[Opening "Sicilian: Kan, 5.Nc3"]
[ECO "B43"]
[Time "10:31:10"]
[TimeControl "2700+45"]

1. e4 c5 2. Nf3 e6 3. d4 cxd4 4. Nxd4 a6 5. Nc3 Qc7 6. Bd3 Nf6 7. O-O Bc5 8. Nb3
Be7 9. Qe2 d6 10. f4 Nbd7 11. Bd2 b5 12. a4 b4 13. Nd1 a5 14. Nf2 Bb7 15. c3
bxc3 16. Rfc1 Qb6 17. Rxc3 O-O 18. Be3 Nc5 19. Qc2 Rfc8 20. Rc1 h6 21. Nxc5 dxc5
22. Bxc5 Bxc5 23. Rxc5 Nd7 24. Rxc8+ Rxc8 25. Qd2 Rxc1+ 26. Qxc1 Qb4 27. Bb5 Nc5
28. Qc3 Qxc3 29. bxc3 Bxe4 30. Nd1 Bc2 31. Nb2 Kf8 32. Kf2 Ne4+ 33. Ke3 Nxc3 34.
Kd4 Nd5 35. g3 g5 36. fxg5 hxg5 37. Nc4 Kg7 38. Bc6 Kf6 39. Bxd5 exd5 40. Nxa5
Bxa4 41. Kxd5 Kf5 42. h4 f6 43. Kd4 Kg4 44. hxg5 fxg5 45. Ke3 Kxg3 46. Nc4 Bb3
47. Ne5 Bd5 48. Kd4 Bb3 49. Ke3 Kh3 50. Kf2 Bd5 51. Kg1 Kg3 52. Nd3 Be4 53. Nf2
Bf3 54. Nd3 Be2 55. Nf2 Kf3 56. Nh3 g4 57. Nf2 g3 58. Nh1 {Game drawn by mutual
agreement} 1/2-1/2

[Event "Team 45 45 League T67"]
[Site "Internet Chess Club"]
[Date "2015.12.20"]
[Round "2"]
[White "allaboutthegyro"]
[Black "xwang1"]
[Result "1-0"]
[WhiteElo "1981"]
[BlackElo "2086"]
[Opening "Ruy Lopez: Berlin defense, open variation"]
[ECO "C67"]
[Time "12:10:35"]
[TimeControl "2700+45"]

1. e4 e5 2. Nf3 Nc6 3. Bb5 Nf6 4. O-O Nxe4 5. d4 Nd6 6. Bxc6 dxc6 7. dxe5 Nf5 8.
Qxd8+ Kxd8 9. Nc3 Bd7 10. Rd1 Kc8 11. Ng5 Be8 12. a4 a5 13. b3 b6 14. Bb2 Be7
15. Nge4 Kb7 16. h3 Rd8 17. Rxd8 Bxd8 18. Rd1 Be7 19. g3 h5 20. Rd3 Rh6 21. Ne2
c5 22. c4 Bc6 23. N2c3 Rh8 24. Nd5 Rd8 25. Rd2 Bf8 26. Bc3 Be8 27. h4 Nh6 28.
Kf1 Bc6 29. Ng5 Bxd5 30. cxd5 Ka6 31. Rd3 b5 32. e6 f6 33. e7 Bxe7 34. Ne6 Rd7
35. Nxg7 c6 36. Re3 cxd5 37. Re6+ Kb7 38. axb5 Bd8 39. Nxh5 d4 40. Bd2 Ng4 41.
Ke2 a4 42. bxa4 c4 43. Bb4 d3+ 44. Ke1 Bb6 45. f3 Bf2+ 46. Kd2 Ne5 47. Nxf6
Nxf3+ 48. Kd1 Rg7 49. Ne4 Bxg3 50. a5 Bb8 51. Bc5 Rg2 52. a6+ Kc8 53. Re8+ Kd7
54. Rf8 Rb2 55. Rxf3 Rb1+ 56. Kd2 Rxb5 57. a7 Bxa7 58. Bxa7 Rb2+ 59. Kc3 Rc2+
60. Kb4 d2 61. Rf1 Ra2 62. Be3 {Black resigns} 1-0

[Event "Team 45 45 League T67"]
[Site "Internet Chess Club"]
[Date "2015.12.20"]
[Round "2"]
[White "chessfunblast"]
[Black "Agarnez"]
[Result "0-1"]
[WhiteElo "1993"]
[BlackElo "2034"]
[Opening "KP: Nimzovich defense"]
[ECO "B00"]
[Time "19:00:45"]
[TimeControl "2700+45"]

1. e4 Nc6 2. Nf3 d6 3. d4 Bg4 4. Be3 Nf6 5. Nbd2 g6 6. h3 Bxf3 7. Qxf3 Bg7 8. c3
O-O 9. g4 e5 10. d5 Ne7 11. h4 h5 12. gxh5 Nxh5 13. O-O-O c6 14. dxc6 bxc6 15.
Be2 f5 16. Nc4 fxe4 17. Qxe4 d5 18. Qc2 Nf4 19. Bxf4 Rxf4 20. Bd3 e4 21. Bf1 Qf8
22. Ne3 Rxf2 23. Rd2 Rxd2 24. Qxd2 Bh6 25. Qe1 Nf5 26. Rh3 Nxe3 27. Rxe3 Bxe3+
28. Qxe3 Qxf1+ 29. Kc2 Qg2+ 30. Kb3 Rb8+ 31. Ka4 Qxb2 {White resigns} 0-1

[Event "Team 45 45 League T67"]
[Site "Internet Chess Club"]
[Date "2015.12.11"]
[Round "2"]
[White "Pomberito"]
[Black "SAC2001"]
[Result "0-1"]
[WhiteElo "1985"]
[BlackElo "1873"]
[Opening "Halasz gambit"]
[ECO "C21"]
[Time "21:15:18"]
[TimeControl "2700+45"]

1. e4 e5 2. d4 exd4 3. f4 Nc6 4. Nf3 Bc5 5. a3 Nf6 6. Bd3 d5 7. e5 Ne4 8. Nbd2
Bf5 9. Nb3 Bb6 10. O-O O-O 11. Qe1 f6 12. Kh1 Qe7 13. Qh4 Rae8 14. g4 Bd7 15.
exf6 Qxf6 16. Qh3 Qd6 17. f5 Ne5 18. Bf4 Nxd3 19. Bxd6 Ndf2+ 20. Rxf2 Nxf2+ 21.
Kg2 Nxh3 22. Bxf8 Nf4+ 23. Kg3 Ne2+ 24. Kf2 Kxf8 {White resigns} 0-1

[Event "Team 45 45 League T67"]
[Site "Internet Chess Club"]
[Date "2015.12.10"]
[Round "2"]
[White "frontier"]
[Black "CHENENE"]
[Result "0-1"]
[WhiteElo "2049"]
[BlackElo "2282"]
[Opening "English: Anglo-Dutch defense"]
[ECO "A10"]
[Time "19:33:53"]
[TimeControl "2700+45"]

1. c4 f5 2. Nf3 Nf6 3. d4 e6 4. g3 d5 5. Bg2 c6 6. O-O Bd6 7. b3 Nbd7 8. Bb2 O-O
9. Nbd2 Ne4 10. Ne5 Nxe5 11. dxe5 Bc5 12. e3 a5 13. Qc2 Qe7 14. Rad1 Bd7 15.
Nxe4 fxe4 16. Bd4 Bxd4 17. exd4 Be8 18. Qc3 Qb4 19. Rc1 Bh5 20. Bh3 Qe7 21. cxd5
exd5 22. Qc5 Qxc5 23. Rxc5 Rf3 24. Be6+ Kf8 25. g4 Bg6 26. g5 Rd3 27. Rcc1 Ke7
28. Bg4 Rxd4 29. h3 h5 30. gxh6 gxh6 31. f4 h5 32. Be2 Rf8 33. Ba6 e3 34. Bxb7
Bd3 35. f5 Bxf5 36. Bxc6 Rd2 37. Bb5 Ke6 38. Rfe1 d4 39. Rc6+ Kxe5 40. Rc5+ Kd6
41. Rc6+ Kd5 42. Rh6 Rg8+ {White resigns} 0-1

[Event "Team 45 45 League T67"]
[Site "Internet Chess Club"]
[Date "2015.12.14"]
[Round "2"]
[White "f5"]
[Black "JJ12"]
[Result "1/2-1/2"]
[WhiteElo "2036"]
[BlackElo "2045"]
[Opening "Queen's pawn game"]
[ECO "E06"]
[Time "20:00:23"]
[TimeControl "2700+45"]

1. d4 Nf6 2. Nf3 e6 3. g3 Be7 4. Bg2 O-O 5. c4 d5 6. O-O dxc4 7. Qc2 a6 8. a4
Bd7 9. Ne5 Bc6 10. Nxc6 Nxc6 11. Bxc6 bxc6 12. Rd1 Qd5 13. Nc3 Qh5 14. f3 c5 15.
Kg2 Rfd8 16. Be3 Nd5 17. Bf2 cxd4 18. Rxd4 Nb6 19. Rad1 Rxd4 20. Rxd4 a5 21. Qe4
Rf8 22. Qc6 Bf6 23. g4 Qh6 24. Re4 Qd2 25. Bxb6 cxb6 26. Qxb6 Bxc3 27. bxc3 Qxc3
28. Qa6 Qe1 29. Qxc4 h6 30. Rd4 Rb8 31. Qd3 Qh4 32. Rd7 h5 33. Rd4 Qg5 34. Kf2
Qc5 35. Kg2 Qg5 36. Kf2 hxg4 37. Rxg4 Qe7 38. Qd4 e5 39. Qd5 Qc7 40. Rc4 Qb6+
{Game drawn by mutual agreement} 1/2-1/2